 Dungeon Crawl Stone Soup version 0.30-b1-5-g8e6c1be481 (webtiles) character file.

Game seed: 14718750330491886139

197 Jase the Covered (level 5, -1/48 HPs)
             Began as a Minotaur Fighter on May 3, 2023.
             Slain by an ogre
             ... wielding a +0 giant club
              (25 damage)
             ... on level 3 of the Dungeon.
             The game lasted 00:03:12 (2318 turns).

Jase the Covered (Minotaur Fighter)                 Turns: 2318, Time: 00:03:13

Health: -1/48      AC: 13    Str: 23    XL:     5   Next: 46%
Magic:  4/4        EV:  9    Int:  5    God:
Gold:   152        SH:  0    Dex:  9    Spells: 4/4 levels left

rFire   . . .        a - +0 war axe
rCold   + . .        (no shield)
rNeg    . . .        b - +0 scale mail
rPois   .            (helmet restricted)
rElec   .            (no cloak)
rCorr   .            l - +0 pair of gloves
SInv    .            h - +0 pair of boots
Will    .....        (no amulet) Stlth
                     i - ring of protection from cold
HPRegen 0.28/turn    m - +4 ring of protection
MPRegen 0.09/turn

%: no passive effects
@: no status effects
A: horns 2, retaliatory headbutt
a: no special abilities


You were on level 3 of the Dungeon.
You visited 1 branch of the dungeon, and saw 3 of its levels.

You collected 152 gold pieces.

Inventory:

Hand Weapons
 a - a +0 war axe (weapon)
Missiles
 j - 2 poisoned darts (quivered)
Armour
 b - a +0 scale mail (worn)
 h - a +0 pair of boots (worn)
 l - a +0 pair of gloves (worn)
Jewellery
 i - a ring of protection from cold (left hand)
 k - an amulet of faith
 m - a +4 ring of protection (right hand)
Scrolls
 e - 2 scrolls of teleportation {unknown}
 o - a scroll of poison {unknown}
 p - a scroll of torment {unknown}
 r - 3 scrolls of fear {unknown}
Potions
 d - a potion of might
 g - a potion of invisibility
 q - a potion of curing


   Skills:
 + Level 5.2 Fighting
 + Level 4.5 Axes
 + Level 5.2 Armour
 - Level 3.6 Shields


You had 4 spell levels left.
You didn't know any spells.
Your spell library was empty.

Dungeon Overview and Level Annotations

Branches:
Dungeon (3/15)

Altars:
Sif Muna

Annotations:
D:2 1 runed translucent door, Crazy Yiuf


Innate Abilities, Weirdness & Mutations

You have a pair of horns on your head.
You reflexively headbutt those who attack you in melee.


Message History

You headbutt the cerulean imp! You slash the cerulean imp!
You kill the cerulean imp!
The cerulean imp disappears in a puff of smoke!
An ogre comes into view. It is wielding a +0 giant club.
Natasha claws you but does no damage.
You barely miss Natasha. Natasha closely misses you.
You barely miss Natasha. Natasha barely misses you. You furiously retaliate!
You headbutt Natasha. You closely miss Natasha. Your headbutt misses Natasha.
Natasha is moderately wounded.
Natasha mumbles some strange words.
Natasha claws you.
You hit Natasha but do no damage.
Natasha is moderately wounded.
You hit the cerulean imp. Natasha barely misses you.
The cerulean imp barely misses you.
You hit Natasha.
Natasha is severely wounded.
You slash the cerulean imp! Natasha barely misses you. You furiously retaliate!
You headbutt Natasha.
You kill Natasha!
You feel Natasha's spirit has finally been put to rest.
The cerulean imp disappears in a puff of smoke!
You hit the hobgoblin.
You kill the hobgoblin!
You closely miss the hobgoblin. The hobgoblin closely misses you.
You furiously retaliate!
You headbutt the hobgoblin!
You kill the hobgoblin!
You hit the ogre.
The ogre is lightly wounded.
The ogre hits you with a +0 giant club!!
You barely miss the ogre.
The ogre is lightly wounded.
The ogre barely misses you. You furiously retaliate!
You headbutt the ogre! You hit the ogre. Your headbutt misses the ogre.
The ogre is heavily wounded.
The ogre hits you with a +0 giant club!!
Ouch! That really hurt!
You die...

#.# #.#....
#.. #.#
#.##### ...
#.# #..<...
#.######.#
#######
#.##.....# #
#.##.##### #
#.##.#
#O##.#
#@##.#
#.##.#
#.##.#
#.##.#######
#.##.......#
#.####.###.#
#.# #.###.#
#.# #..####
# #.# ##.#
.# #


You could see an ogre.

Vanquished Creatures
  Natasha (thrice) (D:3)
  6 adders
  3 dart slugs
  5 ball pythons
  4 endoplasms (D:1)
  4 giant cockroaches
  5 goblins
  7 hobgoblins
  4 kobolds
  5 quokkas
  6 bats
  2 frilled lizards
  10 rats
64 creatures vanquished.

Notes
Turn   | Place    | Note
-------+----------+-------------------------------------------
     0 | D:1      | Jase the Minotaur Fighter began the quest for the Orb.
     0 | D:1      | Reached XP level 1. HP: 19/19 MP: 0/0
    53 | D:1      | Reached XP level 2. HP: 27/27 MP: 1/1
   288 | D:1      | Reached XP level 3. HP: 33/33 MP: 2/2
   747 | D:2      | Found a runed translucent door.
   748 | D:2      | Noticed Crazy Yiuf
  1346 | D:2      | Reached XP level 4. HP: 40/41 MP: 3/3
  1949 | D:3      | Noticed Natasha
  1959 | D:3      | Killed Natasha
  1991 | D:3      | Noticed Natasha
  1995 | D:3      | Killed Natasha
  1996 | D:3      | Reached skill level 5 in Armour
  1996 | D:3      | Reached XP level 5. HP: 26/47 MP: 4/4
  2144 | D:3      | Reached skill level 5 in Fighting
  2188 | D:3      | Found a shimmering blue altar of Sif Muna.
  2302 | D:3      | Noticed Natasha
  2307 | D:3      | Noticed an ogre
  2312 | D:3      | Killed Natasha
  2318 | D:3      | Slain by an ogre

Illustrated notes

Levels and vault maps discovered:
D:1:      kennysheep_arrival_forest, layout_basic, serial_bayou_crossing
D:2:      layout_basic, uniq_crazy_yiuf_cottage
D:3:      layout_loops_ring, led_sif_pool, serial_aquarium,
          aquarium_bridge_straight [aquarium_subvault_bridge,
          aquarium_subvault_balcony, aquarium_subvault_bridge,
          aquarium_subvault_wall], aquarium_window_1, aquarium_window_corner,
          aquarium_window_fake, aquarium_view_2c, aquarium_pool_split,
          minmay_crystal_room, uniq_natasha

Skill      XL: |  1  2  3  4  5 |
---------------+----------------+-----
Fighting       | 4 5 |  5.2
Armour         | 4 5 |  5.2
Axes           | 3 4 |  4.5
Shields        | |  3.6

Action                     |  1- 3 |  4- 6 || total
---------------------------+-------+-------++-------
  Melee: War axe           |    82 |    69 ||   151
         Headbutt          |     7 |     7 ||    14
    Use: Scroll            |       |     4 ||     4
 Armour: Scale mail        |    48 |    51 ||    99
  Dodge: Dodged            |    38 |    30 ||    68
